 Dungeon Crawl Stone Soup version 0.31-a0-740-g87205ac768 (webtiles) character file.

Game seed: 17443053620280801552

42 ytrimaz the Insei (level 3, -8/28 HPs)
             Began as a Demigod Shapeshifter on Sept 12, 2023.
             Mangled by an ogre
             ... wielding a +0 giant club
              (36 damage)
             ... on level 3 of the Dungeon.
             The game lasted 00:01:58 (1519 turns).

ytrimaz the Insei (Demigod Shapeshifter)            Turns: 1519, Time: 00:01:58

Health: -8/28      AC:  2    Str: 15    XL:     3   Next: 19%
Magic:  5/5        EV: 12    Int: 12    God:
Gold:   53         SH:  0    Dex: 17    Spells: 2/2 levels left

rFire   . .          .
                       - Unarmed
rCold   . . .        (no shield)
rNeg    . . .        a - +0 animal skin
rPois   .            (helmet currently unavailable)
rElec   .            (cloak currently unavailable)
rCorr   .            (gloves currently unavailable)
SInv    .            (boots currently unavailable)
Will    .....        (no amulet)
Stlth   ++           (no ring)
HPRegen 0.24/turn    (no ring)
MPRegen 0.09/turn

%: no passive effects
@: beast-form
A: beast (slay +1), high MP 1, forlorn, divine attributes
a: Begin Untransformation


You were on level 3 of the Dungeon.
You were a hulking beast.
You visited 1 branch of the dungeon, and saw 3 of its levels.

You collected 53 gold pieces.


Innate Abilities, Weirdness & Mutations

You are a hulking beast.
Your limbs bulge with bestial killing power. (Slay +1)
You have an increased reservoir of magic. (+10% MP)
You shall have no god before yourself.
Your divine heritage dramatically boosts your attributes as you level up.


   Skills:
 - Level 1.5 Fighting
 + Level 2.3 Dodging
 + Level 3.1 Unarmed Combat
 + Level 3.0 Shapeshifting


You had 2 spell levels left.
You didn't know any spells.
Your spell library contained the following spells:

 Spells                   Type           Power      Damage    Failure   Level
 Foxfire                  Conj/Fire      0%         2x1d4     32%         1
 Vhi's Electric Charge    Tloc/Air       0%         N/A       97%         4
 Arcjolt                  Conj/Air       0%         1d10      100%        5
 Plasma Beam              Fire/Air       0%         2x1d10    100%        6
 Starburst                Conj/Fire      0%         6d3       100%        6

Inventory:

Hand Weapons
 h - the +8 trident of the Octopus King {venom, rElec rPois}
   (You found it on level 2 of the Dungeon)

   rElec:     It insulates you from electricity.
   rPois:     It protects you from poison
Armour
 a - a +0 animal skin (worn)
Talismans
 c - a beast talisman (active)
 d - a flux talisman
 i - a maw talisman
   (You found it on level 2 of the Dungeon)
Scrolls
 e - 6 scrolls of identify {unknown}
 f - a scroll of blinking {unknown}
 g - a scroll of teleportation {unknown}
 m - a scroll of enchant armour {unknown}
Potions
 b - a potion of lignification
 j - a potion of degeneration {unknown}
 k - a potion of heal wounds {unknown}
 l - a potion of ambrosia {unknown}

Dungeon Overview and Level Annotations

Branches:
Dungeon (3/15) Zot: 16482

Annotations:
D:2 1 runed translucent door, Crazy Yiuf

### .....# #.# ....#
.#.# ....#...#.#
...#.###.###+##
$......#.##...###
#.###.# #.#.##......
#..Oh.## #...##......
#####.#.##...........
#.##.#.#.##......
#......#.##......
##..####.##......
#..†..##.##......
#.....##(##......
#.....##.##......
#.....##.#######.


You could see an ogre.


Message History

There is an open door here.
Key pressed, stopping explore.
Key pressed, stopping explore.
You see here a +0 mace.
You see here 2 stones.
Key pressed, stopping explore.
Key pressed, stopping explore.
No target in view!
Key pressed, stopping explore.
No target in view!
Found a runed translucent door.
No target in view!
Crazy Yiuf shouts!
Key pressed, stopping explore.
Key pressed, stopping explore.
No target in view!
Could not explore, unopened runed door.
Key pressed, stopping explore.
No reachable target in view!
Could not explore, unopened runed door.
Could not explore, unopened runed door.
Could not explore, unopened runed door.
Could not explore, unopened runed door.
Could not explore, unopened runed door.
Could not explore, unopened runed door.
Could not explore, unopened runed door.
Could not explore, unopened runed door.
A rat comes into view.
You can't go down here!
Unknown command.
Unknown command.
The rat bites you but does no damage.
You closely miss the rat. The rat closely misses you.
You punch the rat!
You kill the rat!
No target in view!
No target in view!
There is a stone staircase leading down here.
You climb downwards.
There is a stone staircase leading up here.
Unknown command.
An endoplasm is nearby!
An endoplasm is nearby!
The helpless endoplasm fails to defend itself.
You hit the endoplasm.
You kill the endoplasm!
No target in view!
A giant cockroach comes into view.
Unknown command.
A giant cockroach is nearby!
A giant cockroach is nearby!
The giant cockroach waves its antennae.
The giant cockroach closely misses you.
A giant cockroach is nearby!
Unknown command.
You closely miss the giant cockroach. The giant cockroach bites you. 😕 HP[-2]
You take 2 damage, and now have 26/28 hp.
You barely miss the giant cockroach. The giant cockroach closely misses you.
You closely miss the giant cockroach. The giant cockroach bites you.
The giant cockroach bites you but does no damage. 😕 HP[-2]
You take 2 damage, and now have 24/28 hp.
You hit the giant cockroach.
The giant cockroach closely misses you. 😕 HP[+1] Unknown command.
You closely miss the giant cockroach. The giant cockroach closely misses you.
A giant cockroach is nearby!
You barely miss the giant cockroach. The giant cockroach bites you.
You hit the giant cockroach. The giant cockroach bites you. 😕 HP[-2]
You take 2 damage, and now have 23/28 hp.
A giant cockroach is nearby!
You hit the giant cockroach.
You kill the giant cockroach! 😕 HP[+1] Unknown command.
l - an emerald potion 😎 HP[+4]
Your hp is fully restored (28).
No target in view!
You open the door.
There is an open door here.
Key pressed, stopping explore.
A rat comes into view.
A rat is nearby!
A rat is nearby!
A rat is nearby!
You hit the rat.
You kill the rat!
m - a scroll labelled GOLUTA XUOBIPS No target in view!
An ogre comes into view. It is wielding a +0 giant club.
An ogre is nearby!
The ogre shouts!
The ogre misses you.
You hit the ogre.
The ogre hits you with a +0 giant club!!!
Ouch! That really hurt!
You die...

Skill      XL: |  1  2 |
---------------+-------+-----
Fighting       | 1 |  1.5
Dodging        | 2 |  2.3
Unarmed Combat | 3 |  3.1
Shapeshifting  | 3 |  3.0

Action                     || total
---------------------------++-------
  Melee: Unarmed           ||    69
         Trident           ||     9
         Punch             ||     1
   Stab: Sleeping          ||     3
 Armour: Animal skin       ||    38
  Dodge: Dodged            ||    53

Levels and vault maps discovered:
D:1:      heliophobic_arrival_glass_houses, layout_loops_ring
D:2:      layout_loops_corners, supply_closet_lemuel, uniq_crazy_yiuf_cottage
D:3:      layout_basic, grunt_temple_overflow_open,
          nicolae_tso_carved_into_rock, nicolae_shop_unique_rings,
          minmay_misc_feat_tiny, corner_web_ring, chequers_serial_rivers_room_b,
          minmay_checkerbox, uniq_robin

Notes
Turn   | Place    | Note
-------+----------+-------------------------------------------
     0 | D:1      | ytrimaz the Demigod Shapeshifter began the quest for the
                  | Orb.
     0 | D:1      | Reached XP level 1. HP: 15/15 MP: 3/3
     0 | D:1      | magus.rc [v1.9.6]
    27 | D:1      | Reached skill level 1 in Fighting
    62 | D:1      | You pick up a book of Lightning and begin reading...
    62 | D:1      | You add the spells Vhi's Electric Charge, Arcjolt and
                  | Plasma Beam to your library.
   263 | D:1      | Reached XP level 2. HP: 19/23 MP: 4/4
   284 | D:1      | Reached skill level 2 in Dodging
   364 | D:1      | You fall into a shaft and drop 1 floor!
   489 | D:2      | Found the +8 trident of the Octopus King {venom, rElec
                  | rPois}
   579 | D:2      | HP: 5/23 [dart slug/slug dart (3)]
   696 | D:2      | Reached skill level 3 in Unarmed Combat
   946 | D:2      | Reached skill level 3 in Shapeshifting
   946 | D:2      | Reached XP level 3. HP: 21/28 MP: 5/5
  1109 | D:2      | You pick up a book of Fire and begin reading...
  1109 | D:2      | You add the spells Foxfire and Starburst to your library.
  1332 | D:2      | Found a runed translucent door.
  1333 | D:2      | Noticed Crazy Yiuf
  1517 | D:3      | Noticed an ogre
  1519 | D:3      | Mangled by an ogre

Vanquished Creatures
  An adder (D:2)
  A worm (D:2)
  A dart slug (D:2)
  2 ball pythons (D:1)
  4 bats
  3 endoplasms
  A giant cockroach (D:3)
  4 goblins (D:2)
  2 hobgoblins
  A quokka (D:1)
  A frilled lizard (D:1)
  2 kobolds (D:2)
  3 rats
26 creatures vanquished.

Table legend:
 A = Non-vault XP
 B = Vault XP
 C = Vault XP percentage of total XP
 D = Non-vault monster count
 E = Vault monster count
 F = Vault count percentage of total count
                 A         B        C        D         E       F
            +---------+---------+-------+---------+---------+-------
      Total |      61 |       0 |   0.0 |      26 |       0 |   0.0
            +---------+---------+-------+---------+---------+-------
        D:1 |      17 |       0 |   0.0 |      10 |       0 |   0.0
        D:2 |      39 |       0 |   0.0 |      13 |       0 |   0.0
        D:3 |       5 |       0 |   0.0 |       3 |       0 |   0.0
            +---------+---------+-------+---------+---------+-------

Skill      XL: |  1  2 |
---------------+-------+-----
Fighting       | 1 |  1.5
Dodging        | 2 |  2.3
Unarmed Combat | 3 |  3.1
Shapeshifting  | 3 |  3.0

Action                     || total
---------------------------++-------
  Melee: Unarmed           ||    69
         Trident           ||     9
         Punch             ||     1
   Stab: Sleeping          ||     3
 Armour: Animal skin       ||    38
  Dodge: Dodged            ||    53

Illustrated notes

Table legend:
 A = Kills in this place as a percentage of kills in the entire game.
 B = Kills by you in this place as a percentage of kills by you in the entire game.
 C = Kills by friends in this place as a percentage of kills by friends in the entire game.
 D = Other kills in this place as a percentage of other kills in the entire game.
 E = Experience gained in this place as a percentage of experience gained in the entire game.
 F = Experience gained in this place divided by the number of levels of this place that you have seen.
                   A       B       C       D       E      F
               +-------+-------+-------+-------+-------+----------------------
         Total | 100.0 | 100.0 |   N/A |   N/A | 100.0 |  20.3
       Dungeon | 100.0 | 100.0 |   N/A |   N/A | 100.0 |  20.3
               +-------+-------+-------+-------+-------+----------------------

Table legend: (Time is in decaauts)
 A = Elapsed time spent in this place.
 B = Non-inter-level travel time spent in this place.
 C = Inter-level travel time spent in this place.
 D = Time resting spent in this place.
 E = Time spent auto-exploring this place.
 F = Levels seen in this place.
 G = Mean time per level.
                   A        B        C        D        E       F      G
               +--------+--------+--------+--------+--------+-----+--------+
         Total |   1516 |   1488 |     28 |      0 |   1226 |   3 |  505.3 |
       Dungeon |   1516 |   1488 |     28 |      0 |   1226 |   3 |  505.3 |
               +--------+--------+--------+--------+--------+-----+--------+

Top non-repeatable levels by time:
     D:2: 1057 daAuts
     D:1: 361 daAuts
     D:3: 97 daAuts
